AoeStats
← THE1andoNLY3712

Arabian Desert

509525004Analyzed
1v1 RM · 4d ago on Sep 27, 2026· 47m 27s· 2 players
Game mode
Random Map
Map size
Tiny (2 player)
Population
200
Speed
Normal
Resources
Standard
Victory
Conquest
Starting age
Dark Age
Ending age
Imperial Age
RankedLock teamsTeams togetherTeam positionsShared explorationLock speedFull tech treeHidden civsTurbo modeCheats
Victory
Defeat
🇲🇽 Maya · Mexico
1325
+15
🇦🇺 Armenians · Australia
1305
-15
THE1andoNLY3712
7:26 Loom
10:03 Feudal Age
11:25 Double-Bit Axe
12:48 Horse Collar
16:22 Man-at-Arms
17:03 Fletching
19:00 Wheelbarrow
19:03 Long Swordsman
24:16 Castle Age
23:19 Scale Mail Armor
24:29 Padded Archer Armor
24:34 Two-Handed Swordsman
25:41 Chain Mail Armor
25:06 Elite Skirmisher
27:26 Squires
28:04 Gambesons
29:35 Forging
29:22 Bodkin Arrow
29:19 Arson
33:09 Scale Barding Armor
33:40 Iron Casting
33:40 Bow Saw
34:27 Bloodlines
34:18 Husbandry
36:53 Leather Archer Armor
36:50 Devotion
40:42 Imperial Age
38:49 Hand Cart
38:41 Gold Mining
40:17 Ballistics
40:47 Capped Ram
41:19 Cavalier
42:22 Chain Barding Armor
44:44 Light Cavalry
47:30 Plate Mail Armor
48:01 Blast Furnace
mau_escalera
0:35 Loom
10:17 Feudal Age
10:47 Double-Bit Axe
21:26 Castle Age
19:28 Fletching
19:43 Horse Collar
21:29 Forging
21:20 Scale Mail Armor
21:30 Eagle Warrior
21:50 Crossbowman
23:40 Iron Casting
24:51 Town Watch
26:17 Bodkin Arrow
26:23 Padded Archer Armor
27:19 Bow Saw
27:09 Heavy Plow
27:58 Gold Mining
28:33 Stone Mining
29:26 Wheelbarrow
36:17 Imperial Age
35:06 Ballistics
36:29 Fervor
38:09 Conscription
37:58 Bracer
40:39 Pikeman
43:39 Hand Cart
43:20 Halberdier
43:21 Elite Eagle Warrior
44:38 Chain Mail Armor
49:05 Blast Furnace
48:35 Plate Mail Armor
Connection lost

Rejoining the realm…

Still unreachable

The connection could not be restored.

Session expired

The server has moved on; the page needs a fresh start.